 Dungeon Crawl Stone Soup version 0.29.0-4-gdea44cf6ec (webtiles) character file.

Game seed: 1714783336143088907

30132 qw the Severer (level 13, -4/134 HPs)
             Began as a Minotaur Berserker on Sept 9, 2022.
             Was a Priest of Trog.
             Slain by a seven-headed hydra (9 damage)
             ... on level 4 of the Lair of Beasts.
             The game lasted 00:05:48 (19823 turns).

qw the Severer (Minotaur Berserker)                Turns: 19823, Time: 00:05:49

Health: -4/134     AC: 28    Str: 24    XL:     13   Next: 18%
Magic:  3/3        EV: 10    Int:  3    God:    Trog [***...]
Gold:   809        SH: 11    Dex: 16    Spells: 12/12 levels left

rFire   . . .      SeeInvis +   w - +0 flail
rCold   . . .      Faith    .   f - +0 buckler
rNeg    . . .      Spirit   .   s - +2 plate armour
rPois   .          Reflect  +   t - +2 hood of the Assassin {Detection Stab+ Stlth++}
rElec   +          Harm     .   d - +2 cloak
rCorr   .          Rampage  .   v - +0 pair of gloves "Otuq" {Will++}
Will    ++...                   (no boots)
Stlth   ..........              n - amulet of reflection
HPRegen 0.32/turn               b - ring of see invisible
MPRegen 0.08/turn               m - ring "Woidalodou" {+Blink rElec MP-9 AC+4}

@: about to teleport, on berserk cooldown, slowed, very slow
A: horns 2, retaliatory headbutt, agile 1, robust 1
a: Renounce Religion, Evoke Blink, Berserk, Trog's Hand


You were on level 4 of the Lair of Beasts.
You worshipped Trog.
Trog was most pleased with you.
You visited 2 branches of the dungeon, and saw 15 of its levels.
You also visited: Sewer and Ossuary.

You collected 1109 gold pieces.
You spent 300 gold pieces at shops.


Innate Abilities, Weirdness & Mutations

You have a pair of horns on your head.
You reflexively headbutt those who attack you in melee.
You are agile. (Dex +4, Str/Int -1)
You are robust. (+10% HP)


   Skills:
 - Level 13.5 Fighting
 - Level 16.0 Axes
 + Level 5.3 Throwing
 - Level 12.1 Armour
 - Level 7.1 Dodging
 - Level 9.0 Shields


You had 12 spell levels left.
You didn't know any spells.
Your spell library was empty.

Inventory:

Hand Weapons
 w - a +0 flail (weapon)
 Y - a +1 vorpal war axe
Missiles
 o - 3 boomerangs (quivered)
 x - a javelin
Armour
 d - a +2 cloak (worn)
 f - a +0 buckler (worn)
 g - a +2 pair of gloves
 k - the +2 pair of gloves of Purpose {Rampage rElec Str-2 Int+2}
   (You acquired it in a sewer)

   Str:       It affects your strength (-2).
   Int:       It affects your intelligence (+2).
   rElec:     It insulates you from electricity.
   Rampage:   It bestows one free step when moving towards enemies.
 s - a +2 plate armour (worn)
 t - the +2 hood of the Assassin (worn) {Detection Stab+ Stlth++}
   (You acquired it on level 4 of the Dungeon)

   It allows the wearer to sense nearby creatures.
   It allows the wearer to make particularly effective stabbing attacks against
   helpless or unaware enemies with any weapon.
   Stlth:     It makes you much more stealthy.
 v - the +0 pair of gloves "Otuq" (worn) {Will++}
   (You found it on level 2 of the Lair of Beasts)

   Will:      It greatly increases your willpower.
Jewellery
 b - a ring of see invisible (left hand)
 j - a +6 ring of strength
 m - the ring "Woidalodou" (right hand) {+Blink rElec MP-9 AC+4}
   (You found it on level 9 of the Dungeon)

   [ring of protection]

   AC:        It affects your AC (+4).
   rElec:     It insulates you from electricity.
   MP:        It affects your magic capacity (-9).
   +Blink:    It lets you blink.
 n - an amulet of reflection (around neck)
Scrolls
 e - 12 scrolls of identify
 r - 6 scrolls of teleportation
 u - a scroll of silence {unknown}
Potions
 a - 4 potions of heal wounds
 c - 2 potions of cancellation
 h - 3 potions of resistance
 i - 9 potions of curing
 l - a potion of haste
 p - 4 potions of mutation
 q - 2 potions of might

Dungeon Overview and Level Annotations

Branches:
Dungeon (11/15)            Temple (0/1) D:5            Lair (4/5) D:11
  Swamp (0/4) Lair:3        Snake (0/4) Lair:3        Slime (0/5) Lair:4
    Orc (0/2) D:9           Sewer (visited)         Ossuary (visited)

Altars:
Makhleb
Nemelex Xobeh
Ru
Uskayaw
Vehumet
Jiyva

Shops:
D:3 [(   D:4 [   D:6 ?   D:7 :   D:8 (:

Portals:
Trove: D:11 (give +4 demon blade)

Annotations:
D:6 2 runed translucent doors, qw's ghost, novice MiFi
D:11 1 runed translucent door, qw's ghost, novice MiFi


Message History

The oklob plant spits acid at you. The splash of acid hits you.
The nine-headed hydra bites you but does no damage.
The nine-headed hydra bites you!
The nine-headed hydra bites you but does no damage.
The nine-headed hydra barely misses you.
The nine-headed hydra bites you but does no damage.
The nine-headed hydra bites you!
The nine-headed hydra bites you but does no damage. x3
The oklob plant spits acid at you. The splash of acid hits you!!
The seven-headed hydra misses you.
The seven-headed hydra bites you but does no damage. x5
The seven-headed hydra barely misses you.
The nine-headed hydra bites you but does no damage.
You block the nine-headed hydra's attack.
The nine-headed hydra bites you but does no damage.
The nine-headed hydra bites you!
The nine-headed hydra bites you but does no damage.
The nine-headed hydra closely misses you.
The nine-headed hydra bites you but does no damage. x2
The nine-headed hydra bites you.
The yak moves out of view.
19823 ||| READING 7 scrolls of teleportation.
As you read the scroll of teleportation, it crumbles to dust.
You feel strangely unstable.
The seven-headed hydra bites you but does no damage.
You block the seven-headed hydra's attack. x2
The seven-headed hydra closely misses you.
The seven-headed hydra bites you but does no damage. x2
The seven-headed hydra misses you.
The nine-headed hydra bites you but does no damage.
The nine-headed hydra barely misses you. x2
The nine-headed hydra bites you! x2
You block the nine-headed hydra's attack.
The nine-headed hydra bites you but does no damage. x2
The nine-headed hydra bites you.
You block the seven-headed hydra's attack.
The seven-headed hydra barely misses you.
The seven-headed hydra bites you but does no damage. x2
The seven-headed hydra bites you!
You die...

..#....#......#####
#.#.#..##.#<#.#
#...##.###..### #.
#...#..####.# #. .
..#.#..##P#.#### #. ..
....#........... .#...#
...P..........#####Y.#Y.
.....PP....####P.PY##.#
#.####P....P#P#P@DY..#P..
### ###.....P7.YD.......
##........~~.7P....
#P...........# #...
##...###....[# P. ##...
###.#.# ##..# ####.. #...
.## ##.## .#


You could see a nine-headed hydra, a seven-headed hydra, an oklob plant and 4
yaks.

Vanquished Creatures
  3 hydras (Lair:3)
  Harold (D:9)
  A death yak (Lair:3)
  2 two-headed ogres
  Nergalle (Lair:2)
  A fire crab (Lair:3)
  Pikel (D:4)
  An oklob plant (Lair:4)
  An elephant (Lair:3)
  4 black mambas
  Joseph (D:8)
  3 cane toads
  A torpor snail (Lair:3)
  Psyche (D:9)
  An unseen horror (D:10)
  2 rime drakes
  9 komodo dragons
  5 trolls
  3 polar bears
  A queen bee (D:11)
  Prince Ribbit (D:9)
  4 blink frogs (Lair:2)
  A dream sheep (Lair:3)
  A shadow (D:10)
  2 vampires
  4 wyverns
  14 yaks
  3 basilisks
  A vampire mosquito (D:9)
  A steam dragon (D:6)
  Menkaure (Ossuary)
  4 wargs (D:9)
  4 nagas (Lair:3)
  2 acid dragons
  12 water moccasins
  An orc warrior (D:6)
  2 ice beasts (D:7)
  A black bear (Lair:2)
  An ogre (D:7)
  16 wolves
  3 centaurs
  2 lemures (D:4)
  12 bullfrogs
  A gnoll sergeant (D:8)
  2 necrophages
  4 scorpions
  15 wights
  20 killer bees
  3 electric eels
  13 jellies
  9 hounds
  2 gnoll boudas
  8 orc priests
  Terence (D:2)
  3 iguanas (D:7)
  6 orc wizards
  3 mummies (Ossuary)
  13 gnolls
  8 adders
  7 river rats (Sewer)
  An ufetubus (D:7)
  3 worms
  4 dart slugs
  19 orcs
  3 bats
  6 endoplasms
  3 giant cockroaches
  3 gnoll zombies (Ossuary)
  8 goblins
  A hobgoblin (D:3)
  A quokka (D:2)
  6 ball pythons
  7 frilled lizards
  4 gnoll skeletons (Ossuary)
  4 goblin skeletons (Ossuary)
  4 goblin zombies (Ossuary)
  3 hobgoblin skeletons (Ossuary)
  4 hobgoblin zombies (Ossuary)
  7 kobolds
  4 kobold skeletons (Ossuary)
  5 kobold zombies (Ossuary)
  5 orc skeletons (Ossuary)
  4 orc zombies (Ossuary)
  A quokka zombie (D:6)
  13 rats
  5 rat skeletons (Ossuary)
  6 rat zombies
  A spectral hobgoblin (D:1)
389 creatures vanquished.

Vanquished Creatures (collateral kills)
  3 hydras
3 creatures vanquished.

Vanquished Creatures (others)
  15 fungi
  38 plants
53 creatures vanquished.

Grand Total: 445 creatures vanquished

Notes
Turn   | Place    | Note
-------+----------+-------------------------------------------
     0 | D:1      | qw the Minotaur Berserker began the quest for the Orb.
     0 | D:1      | Reached XP level 1. HP: 19/19 MP: 0/0
     0 | D:1      | 0 ||| qw: Version: 0.1-a-113-g051387a
     0 | D:1      | 0 ||| qw: Game counter: 7098
     0 | D:1      | 0 ||| qw: Always use a shield: true
     0 | D:1      | 0 ||| qw: Do Orc after D:15 true
     0 | D:1      | 0 ||| qw: Do second Lair branch before Depths: true
     0 | D:1      | 0 ||| qw: Lair rune preference: random
     0 | D:1      | 0 ||| qw: Plans: Normal
     0 | D:1      | 0 ||| PLANNING D:1-11
   201 | D:1      | Reached skill level 4 in Axes
   347 | D:1      | Reached XP level 2. HP: 25/26 MP: 1/1
   466 | D:1      | 466 ||| Stepping ~*~*~tactically~*~*~ (hiding).
   595 | D:1      | Found a faded altar of an unknown god.
  1175 | D:1      | 1175 ||| UPGRADING to +0 leather armour.
  1185 | D:1      | 1185 ||| DROPPING +0 animal skin.
  1186 | D:1      | 1186 ||| UPGRADING to +1 cloak.
  1191 | D:1      | 1191 ||| UPGRADING to +6 ring of strength.
  1192 | D:1      | 1192 ||| READING scroll labelled HESOUL MIAKKAF.
  1193 | D:1      | 1193 ||| READING scroll labelled FIQYIT XEKES.
  1194 | D:1      | 1194 ||| READING scroll labelled ZANEBU MITHEH.
  1195 | D:1      | 1195 ||| READING scroll labelled MACHAOD ZINWIA.
  1220 | D:2      | 1220 ||| STAIRDANCE
  1299 | D:2      | Reached skill level 5 in Axes
  1299 | D:2      | Reached XP level 3. HP: 31/31 MP: 2/2
  1465 | D:2      | 1465 ||| DROPPING +0 club.
  1545 | D:2      | 1545 ||| Stepping ~*~*~tactically~*~*~ (stealth).
  1551 | D:2      | 1551 ||| Stepping ~*~*~tactically~*~*~ (hiding).
  1612 | D:2      | Noticed Terence
  1617 | D:2      | 1617 ||| INVOKING Berserk.
  1624 | D:2      | Killed Terence
  1625 | D:2      | Reached skill level 6 in Axes
  1625 | D:2      | Reached XP level 4. HP: 39/39 MP: 3/3
  1682 | D:2      | 1682 ||| DROPPING +0 whip.
  1784 | D:2      | Reached ** piety under Trog
  1829 | D:2      | 1829 ||| UPGRADING to +0 chain mail.
  1856 | D:2      | 1856 ||| DROPPING +0 leather armour.
  1857 | D:2      | 1857 ||| UPGRADING to +2 scale mail of cold resistance.
  1984 | D:2      | 1984 ||| UPGRADING to ring of willpower.
  1985 | D:2      | 1985 ||| READING 4 scrolls labelled MUMORGHU XANTAS.
  1986 | D:2      | 1986 ||| DRINKING 2 fizzy yellow potions.
  1987 | D:2      | 1987 ||| READING 3 scrolls of identify.
  1987 | D:2      | 1987 ||| IDENTIFYING bubbling emerald potion
  1988 | D:2      | 1988 ||| READING 2 scrolls of identify.
  1988 | D:2      | 1988 ||| IDENTIFYING murky grey potion
  1989 | D:2      | 1989 ||| DROPPING potion of degeneration.
  2191 | D:3      | Found a sacrificial altar of Ru.
  2302 | D:3      | Found a sparkling altar of Nemelex Xobeh.
  2335 | D:3      | Found Mipner's Antique Armour Boutique.
  2344 | D:3      | 2344 ||| BUYING pair of gloves (99 gold).
  2344 | D:3      | Bought a pair of gloves for 99 gold pieces
  2344 | D:3      | 2344 ||| SHOPLISTING plate armour (506 gold, have 73).
  2344 | D:3      | 2344 ||| SHOPLISTING runed cloak (165 gold, have 73).
  2365 | D:3      | 2365 ||| Stepping ~*~*~tactically~*~*~ (stealth).
  2366 | D:3      | 2366 ||| Stepping ~*~*~tactically~*~*~ (stealth).
  2367 | D:3      | 2367 ||| Stepping ~*~*~tactically~*~*~ (stealth).
  2462 | D:3      | Found Reefueqo's Antique Weapon Shoppe.
  2612 | D:3      | Reached XP level 5. HP: 45/45 MP: 4/4
  2792 | D:3      | 2792 ||| DROPPING +1 ring mail of positive energy.
  2793 | D:3      | 2793 ||| UPGRADING to +0 pair of gloves.
  2798 | D:3      | 2798 ||| READING scroll labelled TACROX TOETIWN.
  2799 | D:3      | 2799 ||| READING scroll labelled SESCHY XILE.
  2800 | D:3      | 2800 ||| READING 2 scrolls of identify.
  2800 | D:3      | 2800 ||| IDENTIFYING red potion
  2801 | D:3      | 2801 ||| DROPPING potion of lignification.
  2878 | D:4      | Noticed a lemure
  2878 | D:4      | Noticed a lemure
  2878 | D:4      | Noticed a lemure
  2878 | D:4      | Noticed a lemure
  2878 | D:4      | Noticed Pikel
  2879 | D:4      | 2879 ||| Stepping ~*~*~tactically~*~*~ (stealth).
  2886 | D:4      | 2886 ||| INVOKING Berserk.
  2892 | D:4      | Killed a lemure
  2896 | D:4      | Killed a lemure
  2899 | D:4      | Killed Pikel
  2900 | D:4      | Reached skill level 10 in Axes
  2900 | D:4      | Reached XP level 6. HP: 51/51 MP: 5/5
  2900 | D:4      | Reached XP level 7. HP: 57/57 MP: 6/6
  3092 | D:4      | Found Woeloet's Armour Boutique.
  3495 | D:4      | 3495 ||| READING 2 scrolls labelled GAATSU ZYADAH.
  3496 | D:4      | 3496 ||| READING 3 scrolls labelled FYOKLA ZIPT.
  3497 | D:4      | 3497 ||| READING 2 scrolls labelled YFFABATSOSON.
  3498 | D:4      | 3498 ||| READING scroll of enchant weapon.
  3498 | D:4      | 3498 ||| ENCHANTING +1 hand axe.
  3499 | D:4      | 3499 ||| READING scroll labelled DEWKE PANA.
  3499 | D:4      | Identified a scroll of acquirement
  3499 | D:4      | 3499 ||| ACQUIRING +2 hood of the Assassin {Detection Stab+
                  | Stlth++}
  3499 | D:4      | Acquired the +2 hood of the Assassin {Detection Stab+
                  | Stlth++}
  3499 | D:4      | Found the +2 hood of the Assassin {Detection Stab+ Stlth++}
  3501 | D:4      | 3501 ||| UPGRADING to +2 hood of the Assassin {Detection
                  | Stab+ Stlth++}.
  3506 | D:4      | 3506 ||| READING 3 scrolls of identify.
  3506 | D:4      | 3506 ||| IDENTIFYING viscous amethyst potion
  3507 | D:4      | 3507 ||| READING 2 scrolls of identify.
  3507 | D:4      | 3507 ||| IDENTIFYING bubbling white potion
  3508 | D:4      | 3508 ||| DROPPING potion of attraction.
  3509 | D:4      | 3509 ||| DROPPING scroll of magic mapping.
  3510 | D:4      | 3510 ||| DROPPING 2 scrolls of immolation.
  3528 | D:5      | Entered Level 5 of the Dungeon
  3529 | D:5      | 3529 ||| PLANNING SEWER
  3551 | D:5      | Found a staircase to the Ecumenical Temple.
  3681 | D:5      | 3681 ||| INVOKING Berserk.
  3683 | D:5      | Reached skill level 1 in Throwing
  3828 | D:5      | Found a glowing drain.
  3829 | D:5      | 3829 ||| DRINKING 2 white potions.
  3829 | D:5      | Gained mutation: You are agile. (Dex +4, Str/Int -1)
                  | [potion of mutation]
  3829 | D:5      | Gained mutation: You are robust. (+10% HP) [potion of
                  | mutation]
  3871 | Sewer    | Entered a sewer
  3911 | Sewer    | 3911 ||| Stepping ~*~*~tactically~*~*~ (stealth).
  3913 | Sewer    | 3913 ||| Stepping ~*~*~tactically~*~*~ (stealth).
  3914 | Sewer    | 3914 ||| Stepping ~*~*~tactically~*~*~ (stealth).
  3939 | Sewer    | Reached skill level 3 in Armour
  3955 | Sewer    | 3955 ||| Stepping ~*~*~tactically~*~*~ (stealth).
  4054 | Sewer    | 4054 ||| READING scroll of acquirement.
  4054 | Sewer    | 4054 ||| ACQUIRING +2 pair of gloves of Purpose {Rampage
                  | rElec Str-2 Int+2}
  4054 | Sewer    | Acquired the +2 pair of gloves of Purpose {Rampage rElec
                  | Str-2 Int+2}
  4056 | Sewer    | 4056 ||| UPGRADING to +2 pair of gloves of Purpose {Rampage
                  | rElec Str-2 Int+2}.
  4066 | Sewer    | 4066 ||| DROPPING +0 pair of gloves.
  4201 | Sewer    | 4201 ||| DRINKING 2 yellow potions.
  4202 | Sewer    | 4202 ||| READING 3 scrolls of identify.
  4202 | Sewer    | 4202 ||| IDENTIFYING blue potion
  4203 | Sewer    | 4203 ||| READING 2 scrolls of identify.
  4203 | Sewer    | 4203 ||| IDENTIFYING clear potion
  4204 | Sewer    | 4204 ||| DROPPING potion of brilliance.
  4205 | Sewer    | 4205 ||| DROPPING potion of flight.
  4206 | Sewer    | 4206 ||| DROPPING potion of magic.
  4251 | D:5      | 4251 ||| PLANNING D:1-11
  4269 | D:5      | 4269 ||| SWAPPING to +0 war axe.
  4270 | D:5      | 4270 ||| DROPPING +2 hand axe.
  4536 | D:5      | 4536 ||| READING scroll labelled XUD XUFAUCSIC.
  4702 | D:6      | 4702 ||| PLANNING OSSUARY
  4715 | D:6      | Found a sand-covered staircase.
  4722 | D:6      | 4722 ||| Stepping ~*~*~tactically~*~*~ (stealth).
  4724 | D:6      | 4724 ||| Stepping ~*~*~tactically~*~*~ (stealth).
  4726 | D:6      | 4726 ||| Stepping ~*~*~tactically~*~*~ (stealth).
  4728 | D:6      | 4728 ||| Stepping ~*~*~tactically~*~*~ (stealth).
  4732 | D:6      | 4732 ||| Stepping ~*~*~tactically~*~*~ (stealth).
  4743 | Ossuary  | Entered an ossuary
  4774 | Ossuary  | Reached skill level 3 in Dodging
  4924 | Ossuary  | 4924 ||| Stepping ~*~*~tactically~*~*~ (stealth).
  4926 | Ossuary  | 4926 ||| Stepping ~*~*~tactically~*~*~ (stealth).
  4928 | Ossuary  | 4928 ||| Stepping ~*~*~tactically~*~*~ (stealth).
  4930 | Ossuary  | 4930 ||| Stepping ~*~*~tactically~*~*~ (stealth).
  4932 | Ossuary  | 4932 ||| Stepping ~*~*~tactically~*~*~ (stealth).
  4934 | Ossuary  | 4934 ||| Stepping ~*~*~tactically~*~*~ (stealth).
  4936 | Ossuary  | 4936 ||| Stepping ~*~*~tactically~*~*~ (stealth).
  4938 | Ossuary  | 4938 ||| Stepping ~*~*~tactically~*~*~ (stealth).
  5006 | Ossuary  | 5006 ||| Stepping ~*~*~tactically~*~*~ (stealth).
  5008 | Ossuary  | 5008 ||| Stepping ~*~*~tactically~*~*~ (stealth).
  5010 | Ossuary  | 5010 ||| Stepping ~*~*~tactically~*~*~ (stealth).
  5012 | Ossuary  | 5012 ||| Stepping ~*~*~tactically~*~*~ (stealth).
  5013 | Ossuary  | Reached *** piety under Trog
  5015 | Ossuary  | 5015 ||| Stepping ~*~*~tactically~*~*~ (stealth).
  5017 | Ossuary  | 5017 ||| Stepping ~*~*~tactically~*~*~ (stealth).
  5019 | Ossuary  | 5019 ||| Stepping ~*~*~tactically~*~*~ (stealth).
  5021 | Ossuary  | 5021 ||| Stepping ~*~*~tactically~*~*~ (stealth).
  5092 | Ossuary  | 5092 ||| Stepping ~*~*~tactically~*~*~ (stealth).
  5094 | Ossuary  | 5094 ||| Stepping ~*~*~tactically~*~*~ (stealth).
  5345 | Ossuary  | Noticed Menkaure
  5346 | Ossuary  | 5346 ||| Stepping ~*~*~tactically~*~*~ (hiding).
  5351 | Ossuary  | 5351 ||| Stepping ~*~*~tactically~*~*~ (hiding).
  5356 | Ossuary  | 5356 ||| INVOKING Berserk.
  5360 | Ossuary  | Killed Menkaure
  5361 | Ossuary  | Reached skill level 6 in Fighting
  5361 | Ossuary  | Reached XP level 8. HP: 78/78 MP: 7/7
  5525 | Ossuary  | 5525 ||| READING scroll of enchant armour.
  5525 | Ossuary  | 5525 ||| ENCHANTING +1 cloak.
  5543 | Ossuary  | 5543 ||| READING scroll labelled EFO FEM VES.
  5544 | Ossuary  | 5544 ||| DROPPING +3 flail of protection.
  5545 | Ossuary  | 5545 ||| DRINKING 2 purple potions.
  5649 | Ossuary  | 5649 ||| DRINKING 2 fizzy orange potions.
  5650 | Ossuary  | 5650 ||| DROPPING potion of berserk rage.
  5655 | D:6      | 5655 ||| PLANNING D:1-11
  5731 | D:6      | Found a runed translucent door.
  5732 | D:6      | Noticed qw's ghost (novice MiFi)
  5764 | D:6      | Found Woitze's Magic Scroll Shoppe.
  5773 | D:6      | 5773 ||| BUYING scroll of enchant armour (97 gold).
  5773 | D:6      | Bought a scroll of enchant armour for 97 gold pieces
  5773 | D:6      | 5773 ||| BUYING scroll of identify (26 gold).
  5773 | D:6      | Bought a scroll of identify for 26 gold pieces
  5773 | D:6      | 5773 ||| BUYING scroll of teleportation (39 gold).
  5773 | D:6      | Bought a scroll of teleportation for 39 gold pieces
  5773 | D:6      | 5773 ||| BUYING scroll of teleportation (39 gold).
  5773 | D:6      | Bought a scroll of teleportation for 39 gold pieces
  5782 | D:6      | Reached **** piety under Trog
  5783 | D:6      | Reached skill level 11 in Axes
  5996 | D:6      | Found a runed translucent door.
  6132 | D:6      | 6132 ||| Stepping ~*~*~tactically~*~*~ (hiding).
  6134 | D:6      | 6134 ||| Stepping ~*~*~tactically~*~*~ (hiding).
  6139 | D:6      | 6139 ||| INVOKING Berserk.
  6331 | D:6      | 6331 ||| INVOKING Berserk.
  6333 | D:6      | Reached skill level 12 in Axes
  6337 | D:6      | 6337 ||| Stepping ~*~*~tactically~*~*~ (cloud).
  6503 | D:6      | 6503 ||| INVOKING Berserk.
  6851 | D:6      | Found a hide-covered altar of Uskayaw.
  7093 | D:6      | 7093 ||| DROPPING +0 chain mail.
  7094 | D:6      | 7094 ||| UPGRADING to +0 plate armour.
  7104 | D:6      | 7104 ||| DROPPING +2 scale mail of cold resistance.
  7105 | D:6      | 7105 ||| READING scroll of enchant armour.
  7105 | D:6      | 7105 ||| ENCHANTING +0 plate armour.
  7106 | D:6      | 7106 ||| READING scroll labelled RIUKOM WURIFRU.
  7107 | D:6      | 7107 ||| READING 5 scrolls of identify.
  7107 | D:6      | 7107 ||| IDENTIFYING green potion
  7124 | D:7      | 7124 ||| STAIRDANCE
  7126 | D:6      | 7126 ||| INVOKING Berserk.
  7234 | D:7      | 7234 ||| STAIRDANCE
  7236 | D:6      | 7236 ||| INVOKING Berserk.
  7346 | D:7      | 7346 ||| INVOKING Berserk.
  7354 | D:7      | 7354 ||| STAIRDANCE
  7494 | D:7      | Reached XP level 9. HP: 86/86 MP: 8/8
  7603 | D:7      | Found Enophiyll's Tremendous Tomes.
  7711 | D:7      | 7711 ||| Stepping ~*~*~tactically~*~*~ (stealth).
  7785 | D:7      | 7785 ||| Stepping ~*~*~tactically~*~*~ (stealth).
  7786 | D:7      | 7786 ||| Stepping ~*~*~tactically~*~*~ (stealth).
  7794 | D:7      | Reached skill level 6 in Armour
  7830 | D:7      | 7830 ||| Stepping ~*~*~tactically~*~*~ (hiding).
  8152 | D:7      | 8152 ||| INVOKING Berserk.
  8456 | D:7      | 8456 ||| UPGRADING to ring of see invisible.
  8458 | D:7      | 8458 ||| UPGRADING to +6 ring of strength.
  8464 | D:8      | Noticed Joseph
  8470 | D:8      | Reached skill level 13 in Axes
  8477 | D:8      | Killed Joseph
  8642 | D:8      | 8642 ||| Stepping ~*~*~tactically~*~*~ (hiding).
  8643 | D:8      | 8643 ||| Stepping ~*~*~tactically~*~*~ (stealth).
  8644 | D:8      | 8644 ||| Stepping ~*~*~tactically~*~*~ (hiding).
  8648 | D:8      | 8648 ||| INVOKING Berserk.
  9049 | D:8      | Reached XP level 10. HP: 94/96 MP: 9/9
  9067 | D:8      | Found Junt's Vocational Training.
  9268 | D:8      | Found Goeneono's Weapon Emporium.
  9371 | D:8      | 9371 ||| UPGRADING to +0 buckler.
  9424 | D:9      | Noticed Harold
  9425 | D:9      | Reached skill level 1 in Shields
  9430 | D:9      | 9430 ||| INVOKING Berserk.
  9436 | D:9      | HP: 9/144 [Harold/+0 scimitar (32)]
  9437 | D:9      | Killed Harold
  9441 | D:9      | HP: 7/144 [poisoned by a killer bee]
  9800 | D:9      | Noticed Psyche
  9803 | D:9      | 9803 ||| INVOKING Berserk.
  9805 | D:9      | Killed Psyche
 10023 | D:9      | Noticed Prince Ribbit
 10024 | D:9      | 10024 ||| Stepping ~*~*~tactically~*~*~ (stealth).
 10028 | D:9      | Killed Prince Ribbit
 10029 | D:9      | Reached skill level 14 in Axes
 10030 | D:9      | 10030 ||| Stepping ~*~*~tactically~*~*~ (stealth).
 10031 | D:9      | Found a staircase to the Orcish Mines.
 10032 | D:9      | 10032 ||| Stepping ~*~*~tactically~*~*~ (hiding).
 10056 | D:9      | 10056 ||| INVOKING Berserk.
 10056 | D:9      | HP: 34/138 [wight/+5 morningstar (7)]
 10062 | D:9      | Reached skill level 15 in Axes
 10542 | D:9      | 10542 ||| Stepping ~*~*~tactically~*~*~ (stealth).
 10543 | D:9      | 10543 ||| Stepping ~*~*~tactically~*~*~ (stealth).
 10547 | D:9      | 10547 ||| Stepping ~*~*~tactically~*~*~ (stealth).
 10548 | D:9      | 10548 ||| Stepping ~*~*~tactically~*~*~ (stealth).
 10575 | D:9      | 10575 ||| Stepping ~*~*~tactically~*~*~ (hiding).
 10605 | D:9      | Reached skill level 9 in Fighting
 10609 | D:9      | Identified the ring "Woidalodou" {+Blink rElec MP-9 AC+4}
 10625 | D:9      | 10625 ||| READING scroll of enchant weapon.
 10625 | D:9      | 10625 ||| ENCHANTING +0 war axe of flaming.
 10674 | D:9      | Found a radiant altar of Vehumet.
 10785 | D:9      | Noticed a two-headed ogre
 10786 | D:9      | 10786 ||| Stepping ~*~*~tactically~*~*~ (stealth).
 10811 | D:9      | 10811 ||| UPGRADING to amulet of the acrobat.
 10816 | D:9      | 10816 ||| UPGRADING to ring "Woidalodou" {+Blink rElec MP-9
                  | AC+4}.
 10818 | D:9      | 10818 ||| DROPPING ring of willpower.
 10880 | D:10     | Entered Level 10 of the Dungeon
 10941 | D:10     | 10941 ||| Stepping ~*~*~tactically~*~*~ (hiding).
 10942 | D:10     | 10942 ||| Stepping ~*~*~tactically~*~*~ (hiding).
 11053 | D:10     | 11053 ||| Stepping ~*~*~tactically~*~*~ (stealth).
 11058 | D:10     | Reached XP level 11. HP: 106/106 MP: 1/10
 11059 | D:10     | 11059 ||| INVOKING Berserk.
 11199 | D:10     | 11199 ||| INVOKING Berserk.
 11371 | D:10     | Found a burning altar of Makhleb.
 11504 | D:10     | Noticed a two-headed ogre
 11506 | D:10     | 11506 ||| INVOKING Berserk.
 11510 | D:10     | Killed a two-headed ogre
 11743 | D:10     | 11743 ||| DRINKING 8 potions of curing.
 11743 | D:10     | 11743 ||| (to cure confusion)
 11925 | D:10     | 11925 ||| INVOKING Berserk.
 12507 | D:11     | Noticed qw's ghost (novice MiFi)
 12512 | D:11     | Found a runed translucent door.
 12605 | D:11     | 12605 ||| Stepping ~*~*~tactically~*~*~ (stealth).
 12606 | D:11     | 12606 ||| INVOKING Berserk.
 12613 | D:11     | Reached skill level 16 in Axes
 12624 | D:11     | Found a staircase to the Lair.
 13066 | D:11     | 13066 ||| Stepping ~*~*~tactically~*~*~ (stealth).
 13067 | D:11     | 13067 ||| INVOKING Berserk.
 13076 | D:11     | Reached skill level 6 in Shields
 13232 | D:11     | 13232 ||| INVOKING Berserk.
 13505 | D:11     | Noticed a two-headed ogre
 13509 | D:11     | 13509 ||| INVOKING Berserk.
 13511 | D:11     | Killed a two-headed ogre
 13512 | D:11     | Reached skill level 9 in Armour
 13639 | D:11     | 13639 ||| Stepping ~*~*~tactically~*~*~ (hiding).
 13650 | D:11     | 13650 ||| INVOKING Berserk.
 13868 | D:11     | Found a portal to a secret trove of treasure.
 14175 | D:11     | 14175 ||| PLANNING LAIR
 14214 | Lair:1   | Entered Level 1 of the Lair of Beasts
 14220 | Lair:1   | 14220 ||| INVOKING Berserk.
 14277 | Lair:1   | 14277 ||| Stepping ~*~*~tactically~*~*~ (stealth).
 14280 | Lair:1   | 14280 ||| Stepping ~*~*~tactically~*~*~ (stealth).
 14321 | Lair:1   | 14321 ||| READING scroll of brand weapon.
 14321 | Lair:1   | 14321 ||| BRANDING +1 war axe of flaming.
 14324 | Lair:1   | 14324 ||| INVOKING Berserk.
 14574 | Lair:1   | 14574 ||| Stepping ~*~*~tactically~*~*~ (stealth).
 14576 | Lair:1   | 14576 ||| Stepping ~*~*~tactically~*~*~ (stealth).
 14578 | Lair:1   | 14578 ||| Stepping ~*~*~tactically~*~*~ (stealth).
 14583 | Lair:1   | 14583 ||| Stepping ~*~*~tactically~*~*~ (stealth).
 14992 | Lair:1   | 14992 ||| INVOKING Berserk.
 15182 | Lair:1   | 15182 ||| INVOKING Berserk.
 15373 | Lair:1   | 15373 ||| DROPPING ring of protection from cold.
 15374 | Lair:1   | 15374 ||| READING scroll labelled OPRITO TIDION.
 15413 | Lair:2   | 15413 ||| Stepping ~*~*~tactically~*~*~ (stealth).
 15419 | Lair:2   | Reached XP level 12. HP: 121/121 MP: 2/11
 15434 | Lair:2   | 15434 ||| INVOKING Berserk.
 15477 | Lair:2   | Noticed an eight-headed hydra
 15478 | Lair:2   | 15478 ||| FLEEEEING.
 15479 | Lair:2   | 15479 ||| STAIRDANCE
 15583 | Lair:2   | 15583 ||| INVOKING Brothers in Arms.
 15584 | Lair:2   | 15584 ||| INVOKING Berserk.
 15588 | Lair:2   | Killed an 11-headed hydra
 15820 | Lair:2   | Noticed Nergalle
 15822 | Lair:2   | 15822 ||| INVOKING Berserk.
 15829 | Lair:2   | Killed Nergalle
 16017 | Lair:2   | 16017 ||| Stepping ~*~*~tactically~*~*~ (stealth).
 16024 | Lair:2   | 16024 ||| INVOKING Berserk.
 16027 | Lair:2   | Reached skill level 12 in Fighting
 16190 | Lair:2   | 16190 ||| Stepping ~*~*~tactically~*~*~ (stealth).
 16306 | Lair:2   | Identified the +0 pair of gloves "Otuq" {Will++}
 16360 | Lair:2   | 16360 ||| INVOKING Berserk.
 16842 | Lair:2   | 16842 ||| UPGRADING to +0 pair of gloves "Otuq" {Will++}.
 16852 | Lair:2   | 16852 ||| READING 12 scrolls of identify.
 16852 | Lair:2   | 16852 ||| IDENTIFYING orange potion
 16863 | Lair:3   | Noticed a four-headed hydra
 16866 | Lair:3   | 16866 ||| INVOKING Berserk.
 16876 | Lair:3   | Killed a 12-headed hydra
 16877 | Lair:3   | 16877 ||| STAIRDANCE
 17036 | Lair:3   | Reached skill level 6 in Dodging
 17228 | Lair:3   | 17228 ||| READING scroll of enchant armour.
 17228 | Lair:3   | 17228 ||| ENCHANTING +1 plate armour.
 17285 | Lair:3   | 17285 ||| READING scroll of brand weapon.
 17285 | Lair:3   | 17285 ||| BRANDING +1 war axe of draining.
 17295 | Lair:3   | Noticed a seven-headed hydra
 17297 | Lair:3   | 17297 ||| INVOKING Brothers in Arms.
 17299 | Lair:3   | 17299 ||| INVOKING Berserk.
 17301 | Lair:3   | Killed a nine-headed hydra
 17414 | Lair:3   | Found a staircase to the Swamp.
 17481 | Lair:3   | 17481 ||| FLEEEEING.
 17482 | Lair:3   | 17482 ||| FLEEEEING.
 17483 | Lair:3   | 17483 ||| FLEEEEING.
 17484 | Lair:3   | 17484 ||| FLEEEEING.
 17485 | Lair:3   | 17485 ||| FLEEEEING.
 17487 | Lair:3   | 17487 ||| FLEEEEING.
 17488 | Lair:3   | 17488 ||| FLEEEEING.
 17489 | Lair:3   | 17489 ||| FLEEEEING.
 17490 | Lair:3   | 17490 ||| FLEEEEING.
 17491 | Lair:3   | 17491 ||| FLEEEEING.
 17493 | Lair:3   | 17493 ||| INVOKING Berserk.
 17642 | Lair:3   | Noticed a death yak
 17642 | Lair:3   | Noticed a four-headed hydra
 17644 | Lair:3   | 17644 ||| SWAPPING to +0 flail.
 17645 | Lair:3   | 17645 ||| INVOKING Berserk.
 17649 | Lair:3   | Killed a four-headed hydra
 17658 | Lair:3   | Killed a death yak
 17661 | Lair:3   | 17661 ||| SWAPPING to +1 vorpal war axe.
 17796 | Lair:3   | 17796 ||| FLEEEEING.
 17797 | Lair:3   | 17797 ||| FLEEEEING.
 17798 | Lair:3   | 17798 ||| FLEEEEING.
 17799 | Lair:3   | 17799 ||| FLEEEEING.
 17801 | Lair:3   | 17801 ||| FLEEEEING.
 17804 | Lair:3   | 17804 ||| INVOKING Berserk.
 17823 | Lair:3   | Reached skill level 12 in Armour
 17832 | Lair:3   | HP: 27/126 [naga/+0 trident (8)]
 17833 | Lair:3   | 17833 ||| READING 9 scrolls of teleportation.
 17834 | Lair:3   | 17834 ||| DRINKING 7 potions of heal wounds.
 17834 | Lair:3   | Found a staircase to the Snake Pit.
 17849 | Lair:3   | 17849 ||| Stepping ~*~*~tactically~*~*~ (hiding).
 17857 | Lair:3   | HP: 30/126 [naga/+0 trident (12)]
 17858 | Lair:3   | 17858 ||| READING 8 scrolls of teleportation.
 17859 | Lair:3   | 17859 ||| DRINKING 6 potions of heal wounds.
 17861 | Lair:3   | 17861 ||| DRINKING 5 potions of heal wounds.
 18272 | Lair:3   | 18272 ||| Stepping ~*~*~tactically~*~*~ (hiding).
 18448 | Lair:3   | Noticed a seven-headed hydra
 18449 | Lair:3   | 18449 ||| SWAPPING to +0 flail.
 18450 | Lair:3   | 18450 ||| INVOKING Berserk.
 18458 | Lair:3   | Killed a seven-headed hydra
 18459 | Lair:3   | Reached XP level 13. HP: 134/134 MP: 3/12
 18494 | Lair:3   | 18494 ||| SWAPPING to +1 vorpal war axe.
 18880 | Lair:3   | 18880 ||| UPGRADING to amulet of reflection.
 18881 | Lair:3   | 18881 ||| UPGRADING to amulet of reflection.
 18882 | Lair:3   | 18882 ||| Stepping ~*~*~tactically~*~*~ (cloud).
 19028 | Lair:3   | 19028 ||| UPGRADING to amulet of reflection.
 19038 | Lair:3   | 19038 ||| DROPPING amulet of the acrobat.
 19086 | Lair:4   | 19086 ||| Stepping ~*~*~tactically~*~*~ (stealth).
 19086 | Lair:4   | Found a staircase to the Slime Pits.
 19087 | Lair:4   | 19087 ||| Stepping ~*~*~tactically~*~*~ (stealth).
 19093 | Lair:4   | 19093 ||| Stepping ~*~*~tactically~*~*~ (stealth).
 19122 | Lair:4   | 19122 ||| Stepping ~*~*~tactically~*~*~ (stealth).
 19144 | Lair:4   | Found a viscous altar of Jiyva.
 19148 | Lair:4   | 19148 ||| Stepping ~*~*~tactically~*~*~ (stealth).
 19154 | Lair:4   | 19154 ||| INVOKING Berserk.
 19162 | Lair:4   | Reached skill level 9 in Shields
 19321 | Lair:4   | 19321 ||| INVOKING Brothers in Arms.
 19322 | Lair:4   | 19322 ||| SWAPPING to +0 flail.
 19323 | Lair:4   | 19323 ||| INVOKING Berserk.
 19368 | Lair:4   | 19368 ||| SWAPPING to +1 vorpal war axe.
 19407 | Lair:4   | 19407 ||| INVOKING Berserk.
 19528 | Lair:4   | 19528 ||| INVOKING Berserk.
 19807 | Lair:4   | Found the +1 robe of Vines {NoPotionHeal Regen++++}
 19811 | Lair:4   | 19811 ||| INVOKING Berserk.
 19821 | Lair:4   | 19821 ||| SWAPPING to +0 flail.
 19822 | Lair:4   | 19822 ||| Stepping ~*~*~tactically~*~*~ (water).
 19822 | Lair:4   | HP: 33/134 [nine-headed hydra (8)]
 19823 | Lair:4   | 19823 ||| READING 7 scrolls of teleportation.
 19823 | Lair:4   | HP: 9/134 [nine-headed hydra (8)]
 19823 | Lair:4   | Slain by a seven-headed hydra

Levels and vault maps discovered:
D:1:      sevenhm_arrival_forest_fort_large_2, layout_loops_corners,
          dreamdust_ecumenical_altar_drowned_temple
D:2:      layout_rooms, reono_crystal_passage, kennysheep_generic_room_14,
          uniq_terence
D:3:      layout_loops_ring, mainiacjoe_overflow_brackets,
          mainiacjoe_overflow_chevrons, serial_shops, shop_fountains, shop,
          kennysheep_donut
D:4:      layout_rooms, serial_shops, nicolae_shop_crystal, uniq_pikel
D:5:      layout_basic, minmay_temple_entry_glass, cheibrodos_sewer_entry_drain,
          minmay_crystal_water
D:6:      layout_basic, mainiacjoe_overflow_alcove_4, enter_ossuary_4,
          ebering_ghost_sewer_f, serial_shops, shop
D:7:      layout_gridville, amcnicky_mini_pool_small,
          nicolae_shop_i_like_big_books, minivault_5
D:8:      layout_cave_pools, serial_shops, nicolae_stop_n_shop_2,
          nicolae_shop_vocational, uniq_joseph
D:9:      layout_loops_cross, amcnicky_altar_gilded,
          minmay_orc_entry_guard_dogs, serial_rivers,
          chequers_serial_rivers_micro_b, chequers_serial_rivers_micro_a,
          chequers_serial_rivers_small_3, chequers_serial_rivers_micro_c,
          minmay_radiant, uniq_prince_ribbit1, uniq_psyche, uniq_harold
D:10:     layout_loops_corners, mainiacjoe_overflow_small_starburst,
          minmay_chambers_of_fives
D:11:     layout_layer_cave, erik_lair_island, hellmonk_ghost_happy_afterlife,
          nicolae_trove_entry_free_sample, nicolae_looking_at_the_future
Lair:1:   layout_misc_corridors, serial_bayou_shore_a, lemuel_fruit_tree
Lair:2:   layout_loops_ring, grunt_megastairs_4, uniq_nergalle
Lair:3:   layout_chaotic_city, swamp_mist_pool,
          minmay_snake_entry_guardpost_small, minmay_shattered_shrine
Lair:4:   layout_loops_ring, minmay_slime_entry_jelly_boxes,
          hellmonk_guarded_unrand_vines

Skill      XL: |  1  2  3  4  5  6  7  8  9 10 11 12 13 |
---------------+----------------------------------------+-----
Axes           | 4 5 6 10 12 13 15 16 | 16.0
Fighting       | 6 7 8 9 11 13 | 13.5
Throwing       | 1 4 5 |  5.3
Armour         | 3 4 7 10 12 | 12.1
Dodging        | 3 4 6 7 |  7.1
Shields        | 5 7 8 9 |  9.0

Action                   |  1- 3 |  4- 6 |  7- 9 | 10-12 | 13-15 || total
-------------------------+-------+-------+-------+-------+-------++-------
Melee: Hand axe          |    59 |    54 |    62 |       |       ||   175
       Headbutt          |    10 |     6 |    48 |    91 |     8 ||   163
       War axe           |       |       |   218 |   466 |    45 ||   729
       Punch             |       |       |     2 |       |       ||     2
       Flail             |       |       |       |    20 |     3 ||    23
Throw: Boomerang         |       |     6 |    60 |    12 |    12 ||    90
       Javelin           |       |       |    28 |    65 |     5 ||    98
Invok: Berserk           |     1 |     1 |    10 |    27 |     5 ||    44
       Brothers in Arms  |       |       |       |     2 |     1 ||     3
  Use: Scroll            |     4 |     6 |    16 |     8 |     1 ||    35
       Potion            |       |     1 |     4 |     4 |       ||     9
 Stab: Sleeping          |       |       |     2 |       |       ||     2
       Distracted        |       |       |       |     1 |       ||     1
Armor: Animal skin       |     2 |       |       |       |       ||     2
       Leather armour    |     8 |     2 |       |       |       ||    10
       Scale mail        |       |    19 |    40 |       |       ||    59
       Plate armour      |       |       |    61 |   258 |    49 ||   368
Dodge: Dodged            |    32 |    27 |    88 |   174 |    27 ||   348
Block: Buckler           |       |       |       |   105 |    30 ||   135

Table legend:
 A = Non-vault XP
 B = Vault XP
 C = Vault XP percentage of total XP
 D = Non-vault monster count
 E = Vault monster count
 F = Vault count percentage of total count
                 A         B        C        D         E       F
            +---------+---------+-------+---------+---------+-------
      Total |   26342 |   16704 |  38.8 |     240 |     150 |  38.5
            +---------+---------+-------+---------+---------+-------
        D:1 |      23 |       1 |   4.2 |      13 |       1 |   7.1
        D:2 |      76 |      38 |  33.3 |      15 |       2 |  11.8
        D:3 |      59 |       0 |   0.0 |      12 |       0 |   0.0
        D:4 |     142 |     685 |  82.8 |      13 |       1 |   7.1
        D:5 |     137 |       5 |   3.5 |       3 |       2 |  40.0
        D:6 |    1140 |       2 |   0.2 |      26 |       2 |   7.1
        D:7 |    1254 |       0 |   0.0 |      21 |       0 |   0.0
        D:8 |    1287 |     450 |  25.9 |      25 |       1 |   3.8
        D:9 |    1888 |    2605 |  58.0 |      26 |       9 |  25.7
       D:10 |    2025 |    1166 |  36.5 |       6 |       5 |  45.5
       D:11 |    1734 |    1590 |  47.8 |      11 |      17 |  60.7
     Lair:1 |    5047 |       0 |   0.0 |      28 |       0 |   0.0
     Lair:2 |    4412 |    2235 |  33.6 |      21 |       5 |  19.2
     Lair:3 |    3924 |    6506 |  62.4 |      10 |      16 |  61.5
     Lair:4 |    3194 |    1038 |  24.5 |      10 |      13 |  56.5
      Sewer |       0 |     107 | 100.0 |       0 |      22 | 100.0
    Ossuary |       0 |     276 | 100.0 |       0 |      54 | 100.0
            +---------+---------+-------+---------+---------+-------
